 Dungeon Crawl Stone Soup version 0.31-a0-1098-g6898e6545c (webtiles) character file.

Game seed: 6585062392346095203

32 Dirtsage the Changeling (level 3, 0/24 HPs)
             Began as an Octopode Shapeshifter on Nov 30, 2023.
             Slain by Natasha (9 damage)
             ... on level 3 of the Dungeon.
             The game lasted 00:03:08 (1260 turns).

Dirtsage the Changeling (Octopode Shapeshifter)     Turns: 1260, Time: 00:03:09

Health: 0/24       AC:  1    Str: 13    XL:     3   Next: 25%
Magic:  3/3        EV: 13    Int: 12    God:
Gold:   77         SH:  0    Dex: 13    Spells: 2/2 levels left

rFire   . .          .
                       - Unarmed
rCold   . . .        (no shield)
rNeg    . . .        (helmet currently unavailable)
rPois   .            (no amulet)
rElec   .            (no ring)
rCorr   .            (no ring)
SInv    .            (no ring)
Will    .....        (no ring)
Stlth   ++           (no ring)
HPRegen 0.24/turn    (no ring)
MPRegen 0.08/turn    (no ring)
                     (no ring)

%: no passive effects
@: beast-form, slowed, very slow
A: beast (slay +2), almost no armour, amphibious, 8 rings, camouflage 1,
gelatinous body 1, (nimble swimmer 1), tentacles
a: Begin Untransformation


You were on level 3 of the Dungeon.
You were a hulking beast.
You visited 1 branch of the dungeon, and saw 3 of its levels.

You collected 77 gold pieces.

Inventory:

Missiles
 e - 2 throwing nets
Armour
 k - a +1 hat
Talismans
 b - a beast talisman
 c - a flux talisman
 d - a storm talisman
Scrolls
 g - 3 scrolls of identify {unknown}
 i - 2 scrolls of enchant weapon {unknown}
 j - a scroll of brand weapon {unknown}
 l - a scroll of blinking {unknown}
 m - 2 scrolls of fear {unknown}
 p - a scroll of amnesia {unknown}
 r - 3 scrolls of teleportation {unknown}
Potions
 a - a potion of lignification
 f - a potion of degeneration {unknown}
 h - a potion of mutation {unknown}
 n - a potion of might {unknown}
 o - a potion of haste {unknown}
 q - 2 potions of curing
 s - a potion of enlightenment {unknown}


   Skills:
 + Level 1.6 Fighting
 - Level 2.0 Dodging
 + Level 3.3 Unarmed Combat
 * Level 3.5 Shapeshifting


You had 2 spell levels left.
You didn't know any spells.
Your spell library contained the following spells:

 Spells                   Type           Power      Damage    Failure   Level
 Sublimation of Blood     Necr           0%         N/A       45%         2
 Ozocubu's Armour         Ice            0%         N/A       69%         3
 Petrify                  Tmut/Erth      0%         N/A       97%         4
 Irradiate                Conj/Tmut      0%         3d11      100%        5
 Ozocubu's Refrigeration  Ice            0%         4d7       100%        7


Dungeon Overview and Level Annotations

Branches:
Dungeon (3/15)

Altars:

Annotations:
D:3 Natasha


Innate Abilities, Weirdness & Mutations

You are a hulking beast.
Your limbs bulge with bestial killing power. (Slay +2)
You cannot wear most types of armour.
You are amphibious.
You can wear up to eight rings at the same time.
Your skin changes colour to match your surroundings (Stealth+).
Your rubbery body absorbs attacks. (AC +1, EV +1)
((You are camouflaged when in or above water. (Stealth+)))
You have tentacles for arms and can constrict up to eight enemies at once.


Message History

You feel very sick.
You take 4 damage, and have 16/23 hp.
It was a potion of curing.
You feel better.
q - 3 potions of curing;
d - a storm talisman You regained 6 hp, and now have 22/23 hp.
Found an escape hatch in the floor.
Natasha, Servant of Life and Death comes into view.
Natasha hisses angrily.
You tentacle-slap the kobold.
You kill the kobold!
Natasha mumbles some strange words.
Natasha's front paws start to glow.
Things that are here:
a +0 dagger; 6 poisoned darts Health restored: 24 Natasha stares at you and mumbles some strange words.
You feel yourself slow down.
You tentacle-slap Natasha. Your grab misses Natasha.
Natasha is lightly wounded.
Natasha casts a spell at you. The magic dart hits you!
Natasha barely misses you.
You take 8 damage, and have 16/24 hp.
MASSIVE DAMAGE!!
You tentacle-slap Natasha. Your grab misses Natasha.
You squeeze Natasha, but do no damage.
Natasha is heavily wounded.
Natasha claws you!
You take 8 damage, and have 8/24 hp.
MASSIVE DAMAGE!!
You closely miss Natasha. You grab Natasha. Your squeeze misses Natasha.
Natasha is heavily wounded.
You constrict Natasha, but do no damage.
Natasha claws you.
* * * LOW HITPOINT WARNING * * *
Natasha mumbles some strange words.
You feel troubled. Natasha claws you.
* * * LOW HITPOINT WARNING * * *
You take 7 damage, and have 1/24 hp.
MASSIVE DAMAGE!!
You feel better.
You constrict Natasha. Natasha claws you!
You die...
Natasha begins licking her fur clean.

#......#####.## .....
#......###...## ....
#......#..†####
...#########..### #
#...>....# #.##
#........# #.#
#........# #.#
#..h.....# #.#
#..h.....# #.# ##
###...######.###.# ..
#)..# ##......#
####.###...####...#####
..............#..##
..............#..#
.................#
....#......###.#.# ...
######.##..#.#


You could see Natasha.

Vanquished Creatures
  A dart slug (D:1)
  2 bats
  3 endoplasms
  3 giant cockroaches
  3 goblins
  2 hobgoblins (D:1)
  4 jackals (D:2)
  A quokka (D:2)
  2 ball pythons
  A frilled lizard (D:1)
  2 kobolds
  2 rats (D:1)
26 creatures vanquished.

Notes
Turn   | Place    | Note
-------+----------+-------------------------------------------
     0 | D:1      | Dirtsage the Octopode Shapeshifter began the quest for the
                  | Orb.
     0 | D:1      | Reached XP level 1. HP: 13/13 MP: 1/1
   173 | D:1      | Reached XP level 2. HP: 18/18 MP: 2/2
   568 | D:2      | Reached XP level 3. HP: 21/23 MP: 3/3
   592 | D:2      | Found a faded altar of an unknown god.
   847 | D:2      | Identified the +4 ring mail of the Bulwark {Rampage rPois
                  | Dex+3}
  1252 | D:3      | Noticed Natasha
  1259 | D:3      | HP: 1/24 [Natasha (5)]
  1260 | D:3      | Slain by Natasha

Illustrated notes

Levels and vault maps discovered:
D:1:      lightli_arrival_boilingwater, layout_basic, feat_on_display
D:2:      layout_loops_ring, shapermc_ecumenical_altar_totnotflames
D:3:      layout_basic, grunt_gozag_statues, due_unseen_surprise, uniq_natasha

Action                     || total
---------------------------++-------
  Melee: Unarmed           ||    50
         Tentacles         ||    10
         Constrict         ||    10
         Punch             ||     2
    Use: Potion            ||     2
   Stab: Sleeping          ||     5
 Armour: Skin              ||    19
  Dodge: Dodged            ||    27

Table legend: (Time is in decaauts)
 A = Elapsed time spent in this place.
 B = Non-inter-level travel time spent in this place.
 C = Inter-level travel time spent in this place.
 D = Time resting spent in this place.
 E = Time spent auto-exploring this place.
 F = Levels seen in this place.
 G = Mean time per level.
                   A        B        C        D        E       F      G
               +--------+--------+--------+--------+--------+-----+--------+
         Total |   1258 |   1205 |     53 |      0 |   1020 |   3 |  419.3 |
       Dungeon |   1258 |   1205 |     53 |      0 |   1020 |   3 |  419.3 |
               +--------+--------+--------+--------+--------+-----+--------+

Top non-repeatable levels by time:
     D:2: 584 daAuts
     D:1: 519 daAuts
     D:3: 154 daAuts
